 Dungeon Crawl Stone Soup version 0.29.0-13-gc9e81de378 (webtiles) character file.

Game seed: 13837106686255701436

140 bande the Chopper (level 5, -7/46 HPs)
             Began as a Hill Orc Fighter on Sept 9, 2022.
             Mangled by blackman's ghost (15 damage)
             ... on level 3 of the Dungeon.
             The game lasted 00:03:17 (3393 turns).

bande the Chopper (Hill Orc Fighter)                Turns: 3393, Time: 00:03:18

Health: -7/46      AC:  7    Str: 19    XL:     5   Next: 22%
Magic:  5/5        EV:  9    Int:  8    God:
Gold:   214        SH:  4    Dex: 12    Spells: 4/4 levels left

rFire   . . .      SeeInvis +   a - +0 war axe
rCold   . . .      Faith    .   c - +0 buckler
rNeg    . . .      Spirit   .   b - +0 scale mail
rPois   .          Reflect  .   (no helmet)
rElec   .          Harm     .   (no cloak)
rCorr   .          Rampage  .   (no gloves)
Will    .....                   (no boots)
Stlth   ..........              (no amulet)
HPRegen 0.15/turn               m - ring of see invisible
MPRegen 0.09/turn               (no ring)

@: very slow
A: no striking features
a: no special abilities


You were on level 3 of the Dungeon.
You visited 1 branch of the dungeon, and saw 3 of its levels.

You collected 214 gold pieces.

Inventory:

Hand Weapons
 a - a +0 war axe (weapon)
Armour
 b - a +0 scale mail (worn)
 c - a +0 buckler (worn)
Jewellery
 m - a ring of see invisible (left hand)
Scrolls
 e - a scroll of enchant armour {unknown}
 f - 2 scrolls of amnesia {unknown}
 g - 2 scrolls of teleportation {unknown}
 i - a scroll of noise {unknown}
 k - a scroll of poison {unknown}
 l - 2 scrolls of vulnerability {unknown}
 o - a scroll of summoning {unknown}
 p - a scroll of immolation {unknown}
 q - 4 scrolls of identify {unknown}
 r - a scroll of blinking {unknown}
Potions
 d - a potion of might
 h - 2 potions of lignification {unknown}
 j - a potion of attraction {unknown}
 n - a potion of curing {unknown}


   Skills:
 + Level 4.2 Fighting
 + Level 5.2 Axes
 + Level 4.2 Armour
 - Level 0.1 Dodging
 + Level 3.6 Shields


You had 4 spell levels left.
You didn't know any spells.
Your spell library contained the following spells:

 Spells                   Type           Power      Damage    Failure   Level
 Frozen Ramparts          Ice            0%         1d1       99%         3
 Ice Form                 Ice/Tmut       0%         N/A       100%        4
 Summon Ice Beast         Ice/Summ       0%         N/A       100%        4


Dungeon Overview and Level Annotations

Branches:
Dungeon (3/15)

Altars:
Elyvilon

Annotations:
D:3 1 runed translucent door, blackman's ghost, amateur DgFi


Message History

The bullfrog hits you.
You slash the bullfrog!
The bullfrog is almost dead.
The bullfrog hits you. The bullfrog barely misses you.
You slash the bullfrog!
You kill the bullfrog!
The giant cockroach barely misses you.
Your Axes skill increases to level 5!
Your Armour skill increases to level 4!
You have reached level 5!
You feel stronger.
You closely miss the giant cockroach.
The giant cockroach bites you but does no damage.
You slash the giant cockroach!
You kill the giant cockroach!
Blackman's ghost turns its malevolent gaze towards you.
There is an open translucent door, spattered with blood here.
Things that are here:
a giant cockroach corpse; a river rat corpse You enter the shallow water.
Moving in this stuff is going to be slow.
You hit the worm.
The worm is lightly wounded.
You hit the worm.
The worm is moderately wounded.
The worm bites you.
You slash the worm!
The worm is heavily wounded.
You barely miss blackman's ghost.
Blackman's ghost hits you but does no damage.
You completely miss the worm.
The worm is heavily wounded.
You barely miss blackman's ghost. Blackman's ghost barely misses you.
The worm bites you but does no damage. Blackman's ghost hits you!
Your unstable footing causes you to fumble your attack.
The worm bites you!
* * * LOW HITPOINT WARNING * * *
You block blackman's ghost's attack.
Your unstable footing causes you to fumble your attack.
Blackman's ghost hits you!
You die...

..................⌠....._.....⌠..
.###.........####...###...###...#
.# #............##### ##.##'#####
.# #....######### #.#.....#. .#
#....# ##.##.....# .# #....#
#...#...#.# .###..##############
#.⌠.#...#.#
.......#r~~~~~~W~#.####...#...#.#
.......+r~~~!~~w@†....##.##...#.#
....#..#~~~~~~~~~#.+...'.+[......
....##############.#...###...#...
.................................
#############.............#.##...
##########...##.##...
##.>...#.... #.##..#....
########.##..#....


You could see a worm and blackman's ghost.

Vanquished Creatures
  A bullfrog (D:3)
  A river rat (D:3)
  2 dart slugs
  3 endoplasms
  5 giant cockroaches
  4 goblins (D:1)
  8 hobgoblins
  7 jackals
  6 quokkas
  2 ball pythons (D:1)
  2 bats
  5 frilled lizards
  3 kobolds
  5 rats
54 creatures vanquished.

Notes
Turn   | Place    | Note
-------+----------+-------------------------------------------
     0 | D:1      | bande the Hill Orc Fighter began the quest for the Orb.
     0 | D:1      | Reached XP level 1. HP: 19/19 MP: 1/1
    53 | D:1      | Reached XP level 2. HP: 26/27 MP: 2/2
   353 | D:1      | Reached skill level 3 in Axes
   845 | D:1      | Reached XP level 3. HP: 32/33 MP: 3/3
  1616 | D:2      | Reached skill level 4 in Axes
  1959 | D:2      | Found a faded altar of an unknown god.
  2657 | D:3      | Reached XP level 4. HP: 33/40 MP: 4/4
  2791 | D:3      | Found a white marble altar of Elyvilon.
  2925 | D:3      | Found a runed translucent door.
  2967 | D:3      | Found a runed translucent door.
  2967 | D:3      | Noticed a bullfrog
  3044 | D:3      | Noticed blackman's ghost (amateur DgFi)
  3383 | D:3      | Killed a bullfrog
  3384 | D:3      | Reached skill level 5 in Axes
  3384 | D:3      | Reached XP level 5. HP: 36/46 MP: 5/5
  3393 | D:3      | Mangled by blackman's ghost

Illustrated notes

Levels and vault maps discovered:
D:1:      zelgadis_glass_arrival_small, layout_loops_corners
D:2:      layout_basic, shapermc_ecumenical_altar_petra
D:3:      layout_basic, elyvilon_altar_1, ebering_ghost_sewer_f

Skill      XL: |  1  2  3  4 |
---------------+-------------+-----
Axes           | 3 4 5 |  5.2
Fighting       | 4 |  4.2
Armour         | 4 |  4.2
Dodging        | |  0.1
Shields        | |  3.6

Action                   |  1- 3 |  4- 6 || total
-------------------------+-------+-------++-------
Melee: War axe           |   133 |    23 ||   156
Armor: Scale mail        |    58 |     7 ||    65
Dodge: Dodged            |    57 |    10 ||    67
Block: Buckler           |    34 |     1 ||    35
